[Event "Western Asian Juniors Chess-ch 2023"]
[Site "Colombo"]
[Date "2023.12.03"]
[Round "6.7"]
[White "Senevirathne, S D B K"]
[Black "Liyanage, Pesandu Rashmitha"]
[Result "*"]
[ECO "B23"]
[WhiteElo "1802"]
[BlackElo "1766"]
[Annotator "NA RC"]
[PlyCount "61"]
[EventDate "2023.11.30"]
[EventCountry "SRI"]
[SourceTitle "playchess.com"]
[Source "ChessBase"]
[SourceQuality "1"]
[TimeControl "5400+30"]

1. e4 c5 2. Nc3 d6 3. d4 cxd4 4. Qxd4 Nc6 5. Qd2 g6 6. b3 Bh6 7. f4 Nf6 8. Bb2 O-O 9. O-O-O e5 10. Nge2 Bg4 11. Qxd6 exf4 12. Kb1 Re8 13. h3 Bh5 14. g4 fxg3 15. Qxg3 Qe7 16. Nd5 Nxd5 17. Rxd5 Bxe2 18. Qc3 f6 19. Bxe2 Ne5 20. Rhd1 Rac8 21. Qd4 a6 22. Rd6 Kh8 23. Bg4 Nxg4 24. hxg4 Bg7 25. Rd7 Qxe4 26. g5 Qxd4 27. Bxd4 Rc6 28. Rf1 Rf8 29. Re1 Rg8 30. Ree7 b5 31. gxf6 *

[Event "Western Asian Juniors Chess-ch 2023"]
[Site "Colombo"]
[Date "2023.12.03"]
[Round "6.8"]
[White "Kulathilake, S M M P"]
[Black "Dissanayake, R K T"]
[Result "1/2-1/2"]
[ECO "E50"]
[WhiteElo "1583"]
[BlackElo "1865"]
[Annotator "NA RC"]
[PlyCount "53"]
[EventDate "2023.11.30"]
[EventCountry "SRI"]
[SourceTitle "playchess.com"]
[Source "ChessBase"]
[SourceQuality "1"]
[TimeControl "5400+30"]

1. d4 Nf6 2. c4 e6 3. Nc3 Bb4 4. Nf3 O-O 5. e3 d5 6. Be2 Nbd7 7. O-O b6 8. Bd2 Bb7 9. Nxd5 Bd6 10. Nc3 c5 11. Qc2 Rc8 12. b3 a6 13. Rfd1 Qc7 14. h3 Rfd8 15. Be1 cxd4 16. Nxd4 Ne5 17. f4 Ng6 18. Bf3 Bc5 19. Bxb7 Qxb7 20. Qf2 e5 21. fxe5 Nxe5 22. Kh1 Re8 23. Qg3 Bd6 24. Qf2 Red8 25. Kg1 Bc5 26. Nce2 Ne4 27. Qf4 1/2-1/2

[Event "Western Asian Juniors Chess-ch 2023"]
[Site "Colombo"]
[Date "2023.12.03"]
[Round "6.9"]
[White "Nabil Nazar, Mohamed"]
[Black "Sathsindu, W M Minura"]
[Result "1/2-1/2"]
[ECO "B27"]
[WhiteElo "1803"]
[BlackElo "1542"]
[Annotator "NA RC"]
[PlyCount "48"]
[EventDate "2023.11.30"]
[EventCountry "SRI"]
[SourceTitle "playchess.com"]
[Source "ChessBase"]
[SourceQuality "1"]
[TimeControl "5400+30"]

1. e4 c5 2. Nc3 g6 3. d4 cxd4 4. Qxd4 Nf6 5. Nf3 Nc6 6. Qa4 d6 7. e5 dxe5 8. Nxe5 Bd7 9. Nxd7 Qxd7 10. Bf4 Bg7 11. Rd1 Qe6+ 12. Be2 O-O 13. O-O a6 14. Rfe1 Rad8 15. Bf3 Rxd1 16. Rxd1 Rc8 17. g3 h5 18. h4 Qf5 19. Kg2 Kh7 20. Rd2 Ng4 21. Be4 Qc5 22. Qb3 f5 23. f3 Ne3+ 24. Bxe3 Qxe3 1/2-1/2

[Event "Western Asian Juniors Chess-ch 2023"]
[Site "Colombo"]
[Date "2023.12.03"]
[Round "6.10"]
[White "Mujahid Bin Yazeed"]
[Black "Galkotuwa, K A R G W D R B G"]
[Result "1-0"]
[ECO "B72"]
[WhiteElo "1832"]
[BlackElo "1532"]
[Annotator "NA RC"]
[PlyCount "24"]
[EventDate "2023.11.30"]
[EventCountry "SRI"]
[SourceTitle "playchess.com"]
[Source "ChessBase"]
[SourceQuality "1"]
[TimeControl "5400+30"]

1. e4 c5 2. Nc3 Nc6 3. Nf3 g6 4. d4 cxd4 5. Nxd4 Bg7 6. Be3 d6 7. Nb3 Nf6 8. Be2 a6 9. O-O b5 10. f4 Bb7 11. Bf3 Qc7 12. g4 e6 1-0

[Event "Western Asian Juniors Chess-ch 2023"]
[Site "Colombo"]
[Date "2023.12.03"]
[Round "7.1"]
[White "Mazhkenov, Alisher"]
[Black "De Silva, L M S T"]
[Result "0-1"]
[ECO "E14"]
[WhiteElo "2105"]
[BlackElo "2394"]
[Annotator "ChessBase"]
[PlyCount "88"]
[EventDate "2023.11.30"]
[EventCountry "SRI"]
[SourceTitle "playchess.com"]
[Source "ChessBase"]
[SourceQuality "1"]
[TimeControl "5400+30"]

1. d4 Nf6 2. Nf3 e6 3. e3 d5 4. Bd3 Bd6 5. O-O O-O 6. Nbd2 c5 7. b3 Nc6 8. Bb2 b6 9. dxc5 Bxc5 10. c4 Bb7 11. a3 a5 12. Qe2 d4 13. e4 e5 14. Nh4 Nd7 15. g3 Be7 16. Nf5 Bf6 17. f4 Nc5 18. Rab1 Kh8 19. Bc1 g6 20. Nh6 Bg7 21. Ng4 exf4 22. gxf4 f5 23. Nf2 Nxd3 24. Qxd3 fxe4 25. Ndxe4 Ne7 26. Ng5 Bc8 27. Bd2 h6 28. Nge4 Nf5 29. b4 a4 30. Rbe1 Bb7 31. Ng3 Qd7 32. b5 Rad8 33. Ng4 Nh4 34. Ne5 Bxe5 35. Rxe5 Qg4 36. f5 gxf5 37. Re6 Be4 38. Rxe4 fxe4 39. Rxf8+ Rxf8 40. Qxd4+ Kg8 41. Qd5+ Kh7 42. Bc3 Nf3+ 43. Kh1 Ng5 44. Qd7+ Qxd7 0-1

[Event "Western Asian Juniors Chess-ch 2023"]
[Site "Colombo"]
[Date "2023.12.03"]
[Round "7.2"]
[White "Harshavardhan G B"]
[Black "Liyanage, Ranindu Dilshan"]
[Result "1-0"]
[ECO "D38"]
[WhiteElo "2390"]
[BlackElo "2400"]
[Annotator "ChessBase"]
[PlyCount "99"]
[EventDate "2023.11.30"]
[EventCountry "SRI"]
[SourceTitle "playchess.com"]
[Source "ChessBase"]
[SourceQuality "1"]
[TimeControl "5400+30"]

1. d4 d5 2. c4 e6 3. Nc3 Nf6 4. cxd5 exd5 5. Bg5 Bb4 6. e3 h6 7. Bxf6 Qxf6 8. Qb3 Qd6 9. a3 Bxc3+ 10. Qxc3 Bf5 11. Nf3 O-O 12. Be2 Nd7 13. O-O Rfe8 14. b4 c6 15. a4 Rac8 16. Rfc1 Nf6 17. Ne5 Ne4 18. Qb2 Qe7 19. Bf1 h5 20. Nd3 h4 21. h3 Nd6 22. b5 Nc4 23. Qb4 Qg5 24. Kh1 Qf6 25. Ra2 cxb5 26. axb5 Nxe3 27. Rxc8 Bxc8 28. Qe1 Qxd4 29. fxe3 Rxe3 30. Re2 Rxe2 31. Qxe2 Bf5 32. Ne5 Qf4 33. Nf3 Be4 34. Qf2 Bxf3 35. Kg1 g5 36. Qxf3 Qxf3 37. gxf3 Kg7 38. f4 Kf6 39. fxg5+ Ke5 40. Kf2 a5 41. Ke3 a4 42. Bd3 a3 43. Bb1 d4+ 44. Kd3 Kf4 45. Ba2 Kxg5 46. Bxf7 Kf6 47. Ba2 Ke5 48. Bb3 Kd6 49. Kxd4 Kc7 50. Kc5 1-0

[Event "Western Asian Juniors Chess-ch 2023"]
[Site "Colombo"]
[Date "2023.12.03"]
[Round "7.3"]
[White "Ankit Ray"]
[Black "Hommadov, Amanmuhammet"]
[Result "1/2-1/2"]
[ECO "A49"]
[WhiteElo "1902"]
[BlackElo "2055"]
[Annotator "NA"]
[PlyCount "71"]
[EventDate "2023.11.30"]
[EventCountry "SRI"]
[SourceTitle "playchess.com"]
[Source "ChessBase"]
[SourceQuality "1"]
[TimeControl "5400+30"]

1. Nf3 Nf6 2. g3 g6 3. b3 Bg7 4. Bb2 O-O 5. Bg2 d6 6. d4 e5 7. dxe5 Ng4 8. O-O Nxe5 9. Qc1 Nbc6 10. c4 Nxf3+ 11. Bxf3 Nd4 12. Bxd4 Bxd4 13. Nc3 c6 14. Qd2 Be5 15. Rad1 Qe7 16. Ne4 Rd8 17. Bg2 Be6 18. Qe3 Bf5 19. Ng5 Bf6 20. Qxe7 Bxe7 21. Ne4 a5 22. Nc3 Kf8 23. Rd2 Ke8 24. Rfd1 Kd7 25. e4 Bg4 26. f3 Be6 27. Nd5 cxd5 28. cxd5 Bg4 29. fxg4 Bg5 30. Re2 f6 31. Rf1 Ke7 32. h4 Bh6 33. g5 Bg7 34. Bh3 fxg5 35. hxg5 Rf8 36. Rxf8 1/2-1/2

[Event "Western Asian Juniors Chess-ch 2023"]
[Site "Colombo"]
[Date "2023.12.03"]
[Round "7.4"]
[White "Orozbaev, Eldiar"]
[Black "Raahul V S"]
[Result "0-1"]
[ECO "C15"]
[WhiteElo "2278"]
[BlackElo "2350"]
[Annotator "ChessBase"]
[PlyCount "102"]
[EventDate "2023.11.30"]
[EventCountry "SRI"]
[SourceTitle "playchess.com"]
[Source "ChessBase"]
[SourceQuality "1"]
[TimeControl "5400+30"]

1. e4 e6 2. d4 d5 3. Nc3 Bb4 4. Nge2 dxe4 5. a3 Bxc3+ 6. Nxc3 Nc6 7. d5 exd5 8. Qxd5 Be6 9. Qxe4 Nf6 10. Qh4 Qd4 11. Qxd4 Nxd4 12. Bd3 O-O-O 13. Bg5 Nb3 14. Rd1 Nc5 15. Bxf6 Nxd3+ 16. Rxd3 gxf6 17. Kd2 Rxd3+ 18. cxd3 Rd8 19. Re1 c5 20. Re3 c4 21. Ne2 Bf5 22. d4 Rd6 23. Rc3 Be6 24. Ke3 Kd7 25. Nf4 Kc6 26. Ke4 b5 27. Rg3 Bd5+ 28. Nxd5 Re6+ 29. Kf3 Kxd5 30. Rh3 Kxd4 31. Rxh7 Kd3 32. Rxf7 Kc2 33. Rxa7 Kxb2 34. Rb7 Re5 35. a4 c3 36. axb5 Rf5+ 37. Ke3 Re5+ 38. Kd3 Rc5 39. Re7 Rd5+ 40. Kc4 Re5 41. Rc7 c2 42. Kb4 c1=Q 43. Rxc1 Kxc1 44. b6 Kd2 45. b7 Re8 46. Kc5 Ke2 47. Kc6 Kxf2 48. Kd7 Rh8 49. h4 Kxg2 50. h5 Kg3 51. Ke6 Kg4 0-1

[Event "Western Asian Juniors Chess-ch 2023"]
[Site "Colombo"]
[Date "2023.12.03"]
[Round "7.5"]
[White "Thilakarathne, G M H"]
[Black "Manon, Reja Neer"]
[Result "1-0"]
[ECO "C90"]
[WhiteElo "2389"]
[BlackElo "2207"]
[Annotator "ChessBase"]
[PlyCount "150"]
[EventDate "2023.11.30"]
[EventCountry "SRI"]
[SourceTitle "playchess.com"]
[Source "ChessBase"]
[SourceQuality "1"]
[TimeControl "5400+30"]

1. e4 e5 2. Nf3 Nc6 3. Bc4 Nf6 4. d3 Be7 5. O-O O-O 6. Re1 d6 7. c3 Na5 8. Bb5 a6 9. Ba4 b5 10. Bc2 c5 11. d4 Qc7 12. Nbd2 cxd4 13. cxd4 Bg4 14. d5 Rac8 15. Bd3 Nb7 16. h3 Nc5 17. Bb1 Bd7 18. Nf1 a5 19. Ng3 Na4 20. Bd3 Bd8 21. Qe2 Qb8 22. Nh2 Nc5 23. Bb1 b4 24. b3 Qb5 25. Qd1 Be7 26. f4 Ne8 27. Bc2 Qb6 28. Kh1 Bh4 29. Nhf1 Bb5 30. Qg4 Bxg3 31. Nxg3 Nf6 32. Qd1 Ncd7 33. Nf5 Rfe8 34. Be3 Qa6 35. fxe5 Nxe5 36. Bg5 Nfd7 37. Re3 Qb6 38. Rg3 Ng6 39. Rc1 Nc5 40. h4 h5 41. Be3 Qd8 42. Qxh5 Nxe4 43. Bxe4 Rxc1+ 44. Bxc1 Rxe4 45. Bb2 Be2 46. Qg5 Qxg5 47. Rxg5 Rg4 48. Rxg4 Bxg4 49. Nxd6 Ne7 50. Nb7 Nxd5 51. Nxa5 Nc3 52. a4 Be6 53. Kh2 g6 54. Bc1 Ne4 55. Be3 Kf8 56. Nc6 Bxb3 57. a5 Bd5 58. Nxb4 Ba8 59. Na6 Ke7 60. g4 Kd7 61. Nb4 Nf6 62. Kg3 Nd5 63. Nc2 Kc7 64. Bd4 Ne7 65. Kf4 Kc6 66. Bf6 Ng8 67. Ke5 Kd7 68. g5 Ke8 69. Ne3 Kd7 70. Ng4 Bf3 71. Nh6 Ne7 72. Bxe7 Kxe7 73. a6 Be2 74. a7 Bf3 75. Ng8+ Kd7 1-0

[Event "Western Asian Juniors Chess-ch 2023"]
[Site "Colombo"]
[Date "2023.12.03"]
[Round "7.6"]
[White "Halynyazow, Vepaly"]
[Black "Senevirathne, S D B K"]
[Result "1/2-1/2"]
[ECO "C44"]
[WhiteElo "2020"]
[BlackElo "1802"]
[Annotator "NA"]
[PlyCount "78"]
[EventDate "2023.11.30"]
[EventCountry "SRI"]
[SourceTitle "playchess.com"]
[Source "ChessBase"]
[SourceQuality "1"]
[TimeControl "5400+30"]

1. e4 e5 2. Nf3 Nc6 3. d4 exd4 4. c3 d5 5. Bb5 dxe4 6. Nxd4 Bd7 7. Nxc6 Bxc6 8. Bxc6+ bxc6 9. Qa4 Qd5 10. O-O f5 11. Bf4 Nf6 12. Na3 Be7 13. Rad1 Qe6 14. Nc2 Bc5 15. Be3 Bxe3 16. fxe3 O-O 17. Nd4 Qe8 18. Rxf5 Ng4 19. Qc4+ Kh8 20. Qxc6 Qxc6 21. Rxf8+ Rxf8 22. Nxc6 Nxe3 23. Re1 Nc4 24. Rxe4 Nxb2 25. Nxa7 Nd1 26. c4 h6 27. Nb5 c6 28. Na7 c5 29. Nb5 Ra8 30. a3 Ra4 31. h4 Nb2 32. Nd6 Rxa3 33. h5 Ra7 34. Nc8 Ra4 35. Nd6 Ra7 36. Nf5 Kg8 37. Kf2 Kf7 38. Kf3 Kf6 39. Ke3 Ra4 1/2-1/2

[Event "Western Asian Juniors Chess-ch 2023"]
[Site "Colombo"]
[Date "2023.12.03"]
[Round "7.7"]
[White "Dissanayake, R K T"]
[Black "Sathsindu, W M Minura"]
[Result "1-0"]
[ECO "B77"]
[WhiteElo "1865"]
[BlackElo "1542"]
[Annotator "NA"]
[PlyCount "119"]
[EventDate "2023.11.30"]
[EventCountry "SRI"]
[SourceTitle "playchess.com"]
[Source "ChessBase"]
[SourceQuality "1"]
[TimeControl "5400+30"]

1. e4 c5 2. Nf3 d6 3. d4 cxd4 4. Nxd4 Nf6 5. Nc3 g6 6. Be3 Bg7 7. f3 Nc6 8. Qd2 O-O 9. Bc4 Nxd4 10. Bxd4 Be6 11. Bb3 a6 12. O-O-O b5 13. h4 Rc8 14. h5 Bc4 15. g4 Qa5 16. Kb1 Rfd8 17. hxg6 hxg6 18. Qh2 Kf8 19. Nd5 Bxd5 20. Bxd5 e5 21. Be3 Ke7 22. Qf2 Nxd5 23. Rxd5 Rh8 24. Rhd1 Rc6 25. c3 Qc7 26. f4 exf4 27. Bxf4 Be5 28. Bxe5 dxe5 29. Rd7+ Qxd7 30. Rxd7+ Kxd7 31. Qxf7+ Kc8 32. Qg7 Re8 33. Kc2 Ree6 34. Kb3 Rc7 35. Qg8+ Kd7 36. Qf7+ Kd6 37. Qf8+ Kd7 38. g5 Rc4 39. Qf7+ Kd6 40. Qb7 Rc6 41. a4 bxa4+ 42. Kxa4 Re7 43. Qb8+ Kd7 44. Kb3 Rc7 45. Qg8 Re6 46. Kc2 Rcc6 47. Qf7+ Kd6 48. b4 Rc7 49. Qf8+ Kd7 50. Kb3 Rcc6 51. Qf7+ Re7 52. Qg8 Ree6 53. c4 Kc7 54. Qf7+ Kb8 55. c5 Kc8 56. Kc4 Kd8 57. Kd5 Re7 58. Qxe7+ Kc8 59. Kc4 Rd6 60. cxd6 1-0

[Event "Western Asian Juniors Chess-ch 2023"]
[Site "Colombo"]
[Date "2023.12.03"]
[Round "7.8"]
[White "Induwara, T H D Thisarindu"]
[Black "Mujahid Bin Yazeed"]
[Result "0-1"]
[ECO "C54"]
[WhiteElo "1494"]
[BlackElo "1832"]
[Annotator "NA"]
[PlyCount "98"]
[EventDate "2023.11.30"]
[EventCountry "SRI"]
[SourceTitle "playchess.com"]
[Source "ChessBase"]
[SourceQuality "1"]
[TimeControl "5400+30"]

1. e4 e5 2. Nf3 Nc6 3. Bc4 Bc5 4. c3 Nf6 5. d3 a5 6. O-O d6 7. h3 Qe7 8. d4 Bb6 9. Re1 h6 10. Na3 g5 11. g4 Nd7 12. Nc2 f6 13. Ne3 h5 14. Nh2 hxg4 15. Nhxg4 Qh7 16. Qf3 exd4 17. Nd5 Nce5 18. Ngxf6+ Nxf6 19. Qxf6 Rf8 20. Bxg5 Nf3+ 21. Kf1 Qxh3+ 22. Ke2 Rxf6 23. Nxf6+ Kf8 24. Rh1 Nh2 25. Rag1 Qf3+ 26. Ke1 d3 27. Bh6+ Ke7 28. Nd5+ Kd7 29. Bb5+ Ke6 30. Nf4+ Ke5 31. Rg5+ Kxf4 32. Rg3+ Kxe4 33. Bxd3+ Qxd3 34. Rxd3 Kxd3 35. Rxh2 Bg4 36. f4 Re8+ 37. Kf1 Be2+ 38. Kg2 Rg8+ 39. Bg5 c6 40. Rh7 Bd8 41. Rxb7 Bxg5 42. fxg5 Rxg5+ 43. Kf2 Rf5+ 44. Kg3 Rb5 45. Rd7 d5 46. Ra7 Rxb2 47. Rxa5 Kxc3 48. Rc5+ Bc4 49. a4 Rb6 0-1

[Event "Western Asian Juniors Chess-ch 2023"]
[Site "Colombo"]
[Date "2023.12.03"]
[Round "7.9"]
[White "Liyanage, Pesandu Rashmitha"]
[Black "Kulathilake, S M M P"]
[Result "1/2-1/2"]
[ECO "D11"]
[WhiteElo "1766"]
[BlackElo "1583"]
[Annotator "NA"]
[PlyCount "88"]
[EventDate "2023.11.30"]
[EventCountry "SRI"]
[SourceTitle "playchess.com"]
[Source "ChessBase"]
[SourceQuality "1"]
[TimeControl "5400+30"]

1. d4 d5 2. Nf3 Nf6 3. e3 c6 4. Bd3 Bg4 5. O-O e6 6. Nbd2 Bd6 7. b3 Nbd7 8. Bb2 O-O 9. c4 e5 10. cxd5 cxd5 11. dxe5 Bxe5 12. Bxe5 Nxe5 13. Be2 Nxf3+ 14. Nxf3 Bxf3 15. Bxf3 Qb6 16. Qd3 Rad8 17. Rfd1 Rd7 18. Rd2 Rfd8 19. Rad1 Qe6 20. Qd4 a6 21. Qf4 h6 22. h4 h5 23. Rd4 g6 24. Rc1 Qd6 25. Qh6 Qe6 26. Kh1 Ne4 27. Kg1 Nf6 28. a4 Rd6 29. Qf4 R6d7 30. b4 Qd6 31. Qg5 Kg7 32. Rcd1 Qe6 33. a5 Kh7 34. g3 Kg7 35. Kg2 Nh7 36. Qf4 Nf6 37. R4d2 Qc6 38. Qe5 Qe6 39. Qb2 Kh7 40. Rc2 Ne4 41. Qd4 Qf5 42. Rdc1 Rd6 43. Rc7 g5 44. Rd1 Rf6 1/2-1/2

[Event "Western Asian Juniors Chess-ch 2023"]
[Site "Colombo"]
[Date "2023.12.03"]
[Round "7.10"]
[White "Samaranayake, Pamok Methdinu"]
[Black "Wijerathna, Vinuka Dihain"]
[Result "1-0"]
[ECO "D06"]
[WhiteElo "1720"]
[BlackElo "1534"]
[Annotator "NA"]
[PlyCount "77"]
[EventDate "2023.11.30"]
[EventCountry "SRI"]
[SourceTitle "playchess.com"]
[Source "ChessBase"]
[SourceQuality "1"]
[TimeControl "5400+30"]

1. Nf3 d5 2. e3 Nc6 3. d4 Bf5 4. c4 e6 5. a3 Nf6 6. Nc3 Be7 7. Be2 Ne4 8. cxd5 Nxc3 9. bxc3 exd5 10. c4 O-O 11. O-O Bf6 12. Bb2 Ne7 13. Qb3 c6 14. a4 Rb8 15. Bd3 dxc4 16. Bxc4 b5 17. axb5 cxb5 18. Bd3 Bxd3 19. Qxd3 Qb6 20. e4 Nc6 21. e5 Be7 22. d5 Rfd8 23. Qe4 Na5 24. Bd4 Qa6 25. d6 Bf8 26. Qe2 Rdc8 27. Qa2 Qc6 28. Qxa5 b4 29. Qxa7 Ra8 30. Qb6 Rxa1 31. Rxa1 Qc1+ 32. Ne1 Qg5 33. Qxb4 Rc1 34. Rxc1 Qxc1 35. Qc3 Qxc3 36. Bxc3 f6 37. f4 fxe5 38. fxe5 Kf7 39. Nd3 1-0

[Event "Western Asian Juniors Chess-ch 2023"]
[Site "Colombo"]
[Date "2023.12.04"]
[Round "8.1"]
[White "Harshavardhan G B"]
[Black "Thilakarathne, G M H"]
[Result "0-1"]
[ECO "E20"]
[WhiteElo "2390"]
[BlackElo "2389"]
[Annotator "RC"]
[PlyCount "148"]
[EventDate "2023.11.30"]
[EventCountry "SRI"]
[SourceTitle "playchess.com"]
[Source "ChessBase"]
[SourceQuality "1"]
[TimeControl "5400+30"]

1. d4 Nf6 2. c4 e6 3. Nc3 Bb4 4. f3 d5 5. a3 Be7 6. e4 dxe4 7. fxe4 c5 8. d5 exd5 9. exd5 O-O 10. Be2 Re8 11. Nf3 Bg4 12. O-O Bd6 13. Nb5 a6 14. Nxd6 Qxd6 15. Nd4 Re4 16. Nf3 Nbd7 17. Bd3 Re7 18. Qc2 Bxf3 19. Rxf3 Re1+ 20. Rf1 Rxf1+ 21. Bxf1 Ng4 22. g3 Qf6 23. h3 Nge5 24. Qf2 Qg6 25. Qe3 h5 26. Bd2 h4 27. Bc3 Re8 28. g4 f5 29. g5 Nxc4 30. Qf2 Qxg5+ 31. Kh1 Nd6 32. Bg2 Qg3 33. Qxg3 hxg3 34. Bd2 Nf6 35. Rf1 Nfe4 36. Bf4 g5 37. Bxe4 Nxe4 38. Bc7 f4 39. d6 Nf6 40. h4 Re2 41. Kg1 gxh4 42. d7 Nxd7 43. Rxf4 Rxb2 44. Rxh4 g2 45. Rh5 Kf7 46. Rh7+ Ke6 47. Rh6+ Kf5 48. Rh5+ Ke4 49. Rh4+ Kd5 50. Rh6 Ke4 51. Rd6 Nf8 52. Rf6 Nh7 53. Rf4+ Kd5 54. Rf7 Ng5 55. Rf5+ Kc6 56. Rxg5 Kxc7 57. Rxc5+ Kb6 58. Rg5 Ra2 59. Rg3 Ka5 60. Rh3 b5 61. Rg3 Ka4 62. Rg6 a5 63. Rg4+ Kxa3 64. Rg3+ Ka4 65. Re3 b4 66. Re1 b3 67. Kh2 b2 68. Re4+ Kb3 69. Re8 b1=Q 70. Rb8+ Kc2 71. Rc8+ Kd1 72. Rd8+ Rd2 73. Rg8 g1=Q+ 74. Kh3 Rh2# 0-1

[Event "Western Asian Juniors Chess-ch 2023"]
[Site "Colombo"]
[Date "2023.12.04"]
[Round "8.2"]
[White "De Silva, L M S T"]
[Black "Hommadov, Amanmuhammet"]
[Result "1-0"]
[ECO "E62"]
[WhiteElo "2394"]
[BlackElo "2055"]
[Annotator "RC"]
[PlyCount "71"]
[EventDate "2023.11.30"]
[EventCountry "SRI"]
[SourceTitle "playchess.com"]
[Source "ChessBase"]
[SourceQuality "1"]
[TimeControl "5400+30"]

1. Nf3 Nf6 2. b3 g6 3. Bb2 Bg7 4. g3 O-O 5. Bg2 d6 6. d4 d5 7. O-O Bf5 8. c4 c6 9. Nc3 Ne4 10. Nh4 Nxc3 11. Bxc3 Be6 12. Qd3 Nd7 13. Rad1 Nf6 14. f3 c5 15. f4 dxc4 16. bxc4 cxd4 17. Bxd4 Qc8 18. c5 Bh3 19. Qf3 Bxg2 20. Nxg2 Rd8 21. Ne3 Ng4 22. Bxg7 Qxc5 23. Bd4 Rxd4 24. Rc1 Rc4 25. Rxc4 Qxe3+ 26. Kg2 Qe6 27. Re4 Qd7 28. h3 Nf6 29. Rb4 Rc8 30. Rxb7 Qe6 31. Rb2 Ne4 32. f5 Qe5 33. fxg6 fxg6 34. Rc2 Rd8 35. Qe3 Rd4 36. Qf4 1-0

[Event "Western Asian Juniors Chess-ch 2023"]
[Site "Colombo"]
[Date "2023.12.04"]
[Round "8.3"]
[White "Mazhkenov, Alisher"]
[Black "Ankit Ray"]
[Result "1/2-1/2"]
[ECO "B32"]
[WhiteElo "2105"]
[BlackElo "1902"]
[Annotator "NA RC"]
[PlyCount "70"]
[EventDate "2023.11.30"]
[EventCountry "SRI"]
[SourceTitle "playchess.com"]
[Source "ChessBase"]
[SourceQuality "1"]
[TimeControl "5400+30"]

1. e4 c5 2. Nf3 Nc6 3. d4 cxd4 4. Nxd4 e5 5. Nb5 d6 6. N1c3 a6 7. Na3 Be6 8. Nc4 Rb8 9. Bd3 Be7 10. O-O Nf6 11. Bg5 d5 12. exd5 Nxd5 13. Bxe7 Qxe7 14. Nxd5 Bxd5 15. Re1 Bxc4 16. Bxc4 O-O 17. c3 Rbd8 18. Qf3 Qc5 19. Bd3 g6 20. Be4 Rd2 21. b4 Qd6 22. Qe3 Nd8 23. Re2 Rxe2 24. Qxe2 Qc7 25. Qe3 Ne6 26. Re1 Rc8 27. g3 b5 28. Bd5 Qxc3 29. Qxe5 Qxe5 30. Rxe5 Rc2 31. Bb3 Rd2 32. Bxe6 fxe6 33. Rxe6 Rxa2 34. Re7 Ra4 35. Ra7 g5 1/2-1/2

[Event "Western Asian Juniors Chess-ch 2023"]
[Site "Colombo"]
[Date "2023.12.04"]
[Round "8.4"]
[White "Raahul V S"]
[Black "Dissanayake, R K T"]
[Result "1-0"]
[ECO "E67"]
[WhiteElo "2350"]
[BlackElo "1865"]
[Annotator "RC"]
[PlyCount "61"]
[EventDate "2023.11.30"]
[EventCountry "SRI"]
[SourceTitle "playchess.com"]
[Source "ChessBase"]
[SourceQuality "1"]
[TimeControl "5400+30"]

1. c4 e5 2. Nc3 Nf6 3. g3 g6 4. Bg2 Bg7 5. Nf3 d6 6. d4 Nbd7 7. O-O O-O 8. Qc2 exd4 9. Nxd4 Re8 10. b3 c6 11. Ba3 Qc7 12. Rad1 a5 13. Rd2 Nc5 14. Rfd1 Bf8 15. e4 Be6 16. Nxe6 Rxe6 17. Bxc5 dxc5 18. f4 Ree8 19. e5 Nh5 20. Rd7 Qb8 21. Ne4 Be7 22. Bh3 f5 23. exf6 Bxf6 24. Bg4 Rxe4 25. Qxe4 Ng7 26. Be6+ Kh8 27. Rf7 Bd4+ 28. Rxd4 cxd4 29. Qxd4 Qg8 30. Rxb7 Rd8 31. Rxg7 1-0

[Event "Western Asian Juniors Chess-ch 2023"]
[Site "Colombo"]
[Date "2023.12.04"]
[Round "8.5"]
[White "Liyanage, Ranindu Dilshan"]
[Black "Janukshan, B."]
[Result "1-0"]
[ECO "A34"]
[WhiteElo "2400"]
[BlackElo "1635"]
[Annotator "RC"]
[PlyCount "121"]
[EventDate "2023.11.30"]
[EventCountry "SRI"]
[SourceTitle "playchess.com"]
[Source "ChessBase"]
[SourceQuality "1"]
[TimeControl "5400+30"]

1. Nf3 Nf6 2. c4 c5 3. Nc3 Nc6 4. e3 e5 5. Be2 d5 6. cxd5 Nxd5 7. Qa4 Nb6 8. Qc2 Be7 9. b3 O-O 10. Bb2 f5 11. d3 Be6 12. Rd1 Rc8 13. O-O Bf6 14. Qb1 Rf7 15. Nb5 Rd7 16. Qa1 a6 17. Na3 Qc7 18. Rfe1 Bf7 19. h3 Nd5 20. Rc1 b6 21. d4 e4 22. Ne5 Bxe5 23. dxe5 Ndb4 24. Nc4 Bxc4 25. Bxc4+ Kh8 26. Be6 Nd3 27. Bxf5 Nxe1 28. Rxe1 Nb4 29. Bxe4 Rcd8 30. Bc3 Nd5 31. Bb2 c4 32. bxc4 Qxc4 33. Bd4 Nb4 34. Qb1 Nxa2 35. Bxh7 Nc3 36. Qc2 Qa2 37. Qxc3 Kxh7 38. Qd3+ Kg8 39. Qg6 Rf8 40. f4 Qd2 41. Rf1 Rxd4 42. exd4 Qxd4+ 43. Kh2 Rxf4 44. Re1 Rf7 45. Qc6 Qf2 46. Re4 Rf4 47. Qe8+ Kh7 48. Qh5+ Kg8 49. Re2 Qc5 50. Qg6 Rf7 51. Qe6 Qd4 52. Qc8+ Rf8 53. Qxa6 Qf4+ 54. g3 Qd4 55. Qa2+ Kh8 56. e6 Rf1 57. Qa8+ Kh7 58. Qg2 Rf8 59. e7 Re8 60. Qf3 Qf6 61. Qh5+ 1-0

[Event "Western Asian Juniors Chess-ch 2023"]
[Site "Colombo"]
[Date "2023.12.04"]
[Round "8.6"]
[White "Mujahid Bin Yazeed"]
[Black "Orozbaev, Eldiar"]
[Result "0-1"]
[ECO "C06"]
[WhiteElo "1832"]
[BlackElo "2278"]
[Annotator "RC"]
[PlyCount "40"]
[EventDate "2023.11.30"]
[EventCountry "SRI"]
[SourceTitle "playchess.com"]
[Source "ChessBase"]
[SourceQuality "1"]
[TimeControl "5400+30"]

1. e4 e6 2. d4 d5 3. Nc3 Nf6 4. e5 Nfd7 5. Nce2 c5 6. c3 Nc6 7. Nf3 Qb6 8. a3 cxd4 9. cxd4 f6 10. exf6 Nxf6 11. Nc3 Bd6 12. Bd3 O-O 13. O-O e5 14. dxe5 Nxe5 15. Be2 Nxf3+ 16. Bxf3 d4 17. Ne4 Nxe4 18. Bxe4 Bf5 19. Bf3 Be5 20. Bd2 d3 0-1

[Event "Western Asian Juniors Chess-ch 2023"]
[Site "Colombo"]
[Date "2023.12.04"]
[Round "8.7"]
[White "Senevirathne, S D B K"]
[Black "Samaranayake, Pamok Methdinu"]
[Result "1/2-1/2"]
[ECO "B33"]
[WhiteElo "1802"]
[BlackElo "1720"]
[Annotator "NA RC"]
[PlyCount "78"]
[EventDate "2023.11.30"]
[EventCountry "SRI"]
[SourceTitle "playchess.com"]
[Source "ChessBase"]
[SourceQuality "1"]
[TimeControl "5400+30"]

1. e4 c5 2. Nf3 Nc6 3. d4 cxd4 4. Nxd4 Nf6 5. Nc3 e5 6. Ndb5 d6 7. Nd5 Nxd5 8. exd5 Nb8 9. c4 Be7 10. Bd3 O-O 11. O-O a6 12. Nc3 f5 13. f3 Nd7 14. a3 Bg5 15. b4 b6 16. Qc2 g6 17. Qe2 e4 18. Bxg5 Qxg5 19. fxe4 f4 20. Qd2 Ne5 21. Ne2 Bh3 22. Nxf4 Rxf4 23. Rxf4 Nf3+ 24. Rxf3 Qxd2 25. Rxh3 Rf8 26. Rf1 Rxf1+ 27. Bxf1 Qd4+ 28. Kh1 Qxe4 29. Rf3 Kg7 30. h3 Qd4 31. g3 Qe4 32. Kg2 Qd4 33. Be2 Qd2 34. Kf2 Qd4+ 35. Kg2 Qd2 36. Kf2 Qb2 37. Kf1 Qc1+ 38. Kg2 Qd2 39. Kf2 Qd4+ 1/2-1/2

[Event "Western Asian Juniors Chess-ch 2023"]
[Site "Colombo"]
[Date "2023.12.04"]
[Round "8.8"]
[White "Manon, Reja Neer"]
[Black "Kulathilake, S M M P"]
[Result "1/2-1/2"]
[ECO "C15"]
[WhiteElo "2207"]
[BlackElo "1583"]
[Annotator "RC"]
[PlyCount "53"]
[EventDate "2023.11.30"]
[EventCountry "SRI"]
[SourceTitle "playchess.com"]
[Source "ChessBase"]
[SourceQuality "1"]
[TimeControl "5400+30"]

1. e4 e6 2. d4 d5 3. Nc3 Bb4 4. Nge2 dxe4 5. a3 Be7 6. Nxe4 Nf6 7. Nxf6+ Bxf6 8. g3 Bd7 9. Be3 Bc6 10. Rg1 Nd7 11. c4 Nb6 12. Nc3 Qd7 13. Qd3 Rd8 14. O-O-O Na4 15. Ne4 Bxe4 16. Qxe4 c5 17. g4 Bxd4 18. Bxd4 cxd4 19. Bg2 b6 20. Qc6 O-O 21. Kc2 Qxc6 22. Bxc6 Nc5 23. b4 Na6 24. f4 Nc7 25. Rd3 f6 26. Re1 Rd6 27. Bf3 1/2-1/2